 Dungeon Crawl Stone Soup version 0.23-b1-6-ga921848b48 (webtiles) character file.

Game seed: 12964567414050527795

165 Infinimo the Slasher (level 5, -4/42 HPs)
             Began as a Demonspawn Berserker on Feb 2, 2019.
             Was a Believer of Trog.
             Slain by a gnoll
             ... wielding a +0 spear
              (7 damage)
             ... on level 3 of the Dungeon.
             The game lasted 00:03:00 (2283 turns).

Infinimo the Slasher (Demonspawn Berserker)         Turns: 2283, Time: 00:03:01

Health: -4/42      AC:  4    Str: 18    XL:     5   Next: 21%
Magic:  5/5        EV: 12    Int:  8    God:    Trog [**....]
Gold:   120        SH:  4    Dex: 13    Spells: 4/4 levels left

rFire    + . .     SeeInvis .   a - +1 falchion
rCold    . . .     Gourm    .   i - +0 buckler
rNeg     . . .     Faith    .   b - +0 animal skin
rPois    .         Spirit   .   (helmet restricted)
rElec    .         Reflect  .   p - +0 cloak (curse)
rCorr    .         Harm     .   (no gloves)
MR       .....                  k - +0 pair of boots (curse)
Stlth    +.........             (no amulet)
HPRegen  0.14/turn              (no ring)
MPRegen  0.09/turn              (no ring)

@: berserk cooldown, slowed, very slow
A: horns 1, fire resistance 1
a: Berserk, Trog's Hand, Renounce Religion


You were on level 3 of the Dungeon.
You worshipped Trog.
Trog was pleased with you.
You were very hungry.

You visited 1 branch of the dungeon, and saw 3 of its levels.

You collected 120 gold pieces.

Inventory:

Hand Weapons
 a - a +1 falchion (weapon)
Armour
 b - a +0 animal skin (worn)
 f - a scarf of spirit shield
 i - a +0 buckler (worn)
 k - a cursed +0 pair of boots (worn)
 p - a cursed +0 cloak (worn)
Scrolls
 e - a scroll of identify
 g - a scroll of enchant weapon
 h - 2 scrolls of immolation {unknown}
Potions
 d - 2 potions of magic
 l - a potion of resistance
Comestibles
 c - 6 rations
 j - 5 chunks of flesh


   Skills:
 + Level 4.0 Fighting
 * Level 4.4 Long Blades
 - Level 1.7 Armour
 - Level 1.7 Dodging
 + Level 1.5 Shields


You had 4 spell levels left.
You didn't know any spells.
Your spell library was empty.

Dungeon Overview and Level Annotations

Branches:
Dungeon (3/15)

Altars:


Innate Abilities, Weirdness & Mutations

You have a pair of small horns on your head.
Your flesh is heat resistant. (rF+)


Message History

The gnoll throws a throwing net.
The throwing net hits you.
You become entangled in the net!
You struggle against the net.
The gnoll hits you. x2
You struggle against the net.
The gnoll hits you!
You shred the net and break free! You block the gnoll's attack.
The gnoll hits you!
The gnoll hits you from afar with a +0 spear.
You riposte.
Your shield prevents you from hitting the gnoll.
You headbutt the gnoll, but do no damage.
The gnoll hits you from afar with a +0 spear!
* * * LOW HITPOINT WARNING * * *
The gnoll hits you.
* * * LOW HITPOINT WARNING * * *
The gnoll is lightly wounded.
The gnoll hits you from afar with a +0 spear.
* * * LOW HITPOINT WARNING * * *
The gnoll is severely wounded.
The gnoll hits you from afar with a +0 spear!
You die...

#.####.# #.# #.#
#########.# #.#
#.........# #.#
#....#^#### #.###
#....#.# #...# #....'.#
#.#.#
#....###########.###
######'###....gg@......#
.......# #.#########.#.#
......## #.# #...#.#
......# #g# #.....#
......+ .g. ####.#.###
......# #.# #....#.#
...<..# #.#
#.####.###### ......#
#.. #.# #......# ......#
### #.#########.#


You could see 2 gnolls.

Vanquished Creatures
  A crimson imp (D:3)
  5 gnolls
  2 adders
  A worm (D:3)
  4 leopard geckos
  3 giant cockroaches
  9 goblins
  6 hobgoblins
  A quokka (D:3)
  2 ball pythons (D:1)
  11 bats
  3 frilled lizards
  3 kobolds
  8 rats
59 creatures vanquished.

Notes
Turn   | Place    | Note
-------+----------+-------------------------------------------
     0 | D:1      | Infinimo the Demonspawn Berserker began the quest for the
                  | Orb.
     0 | D:1      | Reached XP level 1. HP: 18/18 MP: 1/1
   353 | D:1      | Gained mutation: You have a pair of small horns on your
                  | head. [demonic ancestry]
   353 | D:1      | Reached XP level 2. HP: 21/24 MP: 2/2
   697 | D:1      | Reached ** piety under Trog
  1208 | D:2      | Reached XP level 3. HP: 27/29 MP: 3/3
  1366 | D:2      | Reached XP level 4. HP: 36/36 MP: 4/4
  1538 | D:2      | Reached skill level 1 in Shields
  2152 | D:3      | Gained mutation: Your flesh is heat resistant. (rF+)
                  | [demonic ancestry]
  2152 | D:3      | Reached XP level 5. HP: 39/42 MP: 5/5
  2283 | D:3      | Slain by a gnoll

Skill      XL: |  1  2  3  4  5 |
---------------+----------------+-----
Long Blades    | 3 4 |  4.4
Shields        | 1 |  1.5
Fighting       | 4 |  4.0
Armour         | |  1.7
Dodging        | |  1.7

Action                   |  1- 3 |  4- 6 || total
-------------------------+-------+-------++-------
Melee: Falchion          |    85 |    66 ||   151
       Headbutt          |    10 |    16 ||    26
Invok: Berserk           |     1 |     3 ||     4
  Use: Scroll            |       |     7 ||     7
 Stab: Sleeping          |     1 |     1 ||     2
  Eat: Chunk             |     3 |     4 ||     7
Armor: Animal skin       |    18 |    22 ||    40
Dodge: Dodged            |    56 |    53 ||   109
Block: Buckler           |     2 |    12 ||    14
       Rpst.: Falchion   |    14 |    15 ||    29
